 Dungeon Crawl Stone Soup version 0.17-a0-2069-g0f4ee5b (webtiles) character file.

154 SlimeFever the Firebug (level 5, -4/36 HPs)
             Began as a Demonspawn Fire Elementalist on Oct 13, 2015.
             Slain by an ogre
             ... wielding a +0 giant club
              (14 damage)
             ... on level 3 of the Dungeon.
             The game lasted 00:25:35 (3556 turns).

SlimeFever the Firebug (DsFE)                       Turns: 3556, Time: 00:25:36

Health: -4/36      AC:  5    Str:  9    XL:     5   Next: 13%
Magic:  0/8        EV: 17    Int: 17    God:
Gold:   148        SH:  0    Dex: 18    Spells: 2 memorised, 6 levels left

rFire  . . .     SeeInvis .     (no weapon)
rCold  . . .     Clarity  .     m - +1 leather armour
rNeg   . . .     SustAt   .     (no shield)
rPois  .         Gourm    .     (no helmet)
rElec  .         Spirit   +     (no cloak)
rCorr  .         Warding  .     (no gloves)
rMut   .         Stasis   .     (no boots)
MR     .....                    j - amulet of rage
Stlth  +++.......               (no ring)
                                (no ring)

@: agile, very slightly contaminated, not resistant to hostile enchantments,
fairly stealthy
A: claws 1, icy blue scales 1, spiny 1, magic shield
a: Evoke Berserk Rage


You were on level 3 of the Dungeon.
You were not hungry.

You visited 1 branch of the dungeon, and saw 3 of its levels.

You collected 148 gold pieces.

Inventory:

Missiles
 n - 51 arrows
 p - 21 sling bullets
 q - 13 arrows of dispersal
Armour
 m - a +1 leather armour (worn)
Jewellery
 j - an amulet of rage (around neck)
 r - an uncursed amulet of rage
Wands
 h - a wand of slowing (35)
Scrolls
 a - a scroll of identify
 k - a scroll of remove curse
Potions
 d - 2 potions of curing
 e - a potion of agility
 i - a potion of poison {unknown}
 l - 3 potions of lignification {unknown}
 o - a potion of heal wounds {unknown}
Books
 b - a book of Flames

   Spells                             Type                      Level
   a - Flame Tongue                   Conjuration/Fire             1
   b - Throw Flame                    Conjuration/Fire             2
   c - Conjure Flame                  Conjuration/Fire             3
   d - Inner Flame                    Hexes/Fire                   3
   e - Sticky Flame                   Conjuration/Fire             4
   f - Fireball                       Conjuration/Fire             5
Comestibles
 c - 2 bread rations
 f - a slice of pizza
 g - a beef jerky
 s - 5 fruits


   Skills:
 + Level 0.6 Fighting
 + Level 1.5 Armour
 + Level 2.5 Dodging
 + Level 2.0 Stealth
   Level 0.1 Shields
 + Level 0.6 Unarmed Combat
 + Level 2.5 Spellcasting
 + Level 1.7 Conjurations
 + Level 3.5 Fire Magic


You had 6 spell levels left.
You knew the following spells:

 Your Spells              Type           Power        Failure   Level  Hunger
a - Flame Tongue          Conj/Fire      ##...        12%         1    #......
b - Throw Flame           Conj/Fire      ##....       14%         2    ##.....


Dungeon Overview and Level Annotations

Branches:
Dungeon (3/15)

Altars:
Cheibriados
Sif Muna

Annotations:
D:3 Blork the orc


Innate Abilities, Weirdness & Mutations

You have sharp fingernails.
You are partially covered in icy blue scales (AC +1).
You are partially covered in sharp spines.
When hurt, damage is shared between your health and your magic reserves.


Message History

You scratch the ogre.
The ogre is lightly wounded.
The ogre closely misses you.
Casting: Throw Flame
Confirm with . or Enter, or press ? or * to list all spells.
Aiming: Flame Tongue
Press: ? - help, Shift-Dir - straight line, f/p - ogre
Aim: an ogre, wielding a giant club (lightly wounded)
The flame tongue hits the ogre.
The ogre is lightly wounded.
You scratch the ogre.
The ogre is moderately wounded.
The ogre hits you with a giant club!
You closely miss the ogre.
The ogre is moderately wounded.
The ogre hits you with a giant club!
* * * LOW HITPOINT WARNING * * *
You feel agile all of a sudden. The ogre is struck by your spines.
The ogre hits you with a giant club!
You die...

#############
##...........#
#...########.# .###.##
#.###### ## ##.####
#....@.## # #....#
#.####O.# ## ##.##.# #.#
##.## .###..##.# #.#
#...# #...#.##.# #.#
#...#
....#.##.###.####..o###
....)........##.......##
............##.........##
..###.##....#....≈≈≈....#


You could see an ogre and an orc (wandering).

Vanquished Creatures
  A gnoll (D:3)
  A river rat (D:3)
  2 adders
  2 oozes
  6 worms
  2 giant geckos
  2 orcs (D:3)
  11 bats
  4 giant cockroaches
  10 goblins
  10 hobgoblins
  7 jackals
  9 kobolds
  A quokka (D:2)
  5 giant newts
  13 rats
86 creatures vanquished.

Notes
Turn   | Place    | Note
--------------------------------------------------------------
     0 | D:1      | SlimeFever the Demonspawn Fire Elementalist began the quest for the Orb.
     0 | D:1      | Reached XP level 1. HP: 13/13 MP: 3/3
   143 | D:1      | Reached skill level 3 in Fire Magic
   143 | D:1      | Gained mutation: When hurt, damage is shared between your health and your magic reserves. [demonic ancestry]
   143 | D:1      | Reached XP level 2. HP: 5/19 MP: 0/5
   338 | D:1      | Learned a level 2 spell: Throw Flame
   881 | D:1      | Gained mutation: You are partially covered in sharp spines. [demonic ancestry]
   881 | D:1      | Reached XP level 3. HP: 22/24 MP: 1/6
  2066 | D:2      | Gained mutation: You have sharp fingernails. [demonic ancestry]
  2066 | D:2      | Reached XP level 4. HP: 31/31 MP: 5/7
  2242 | D:2      | Reached skill level 1 in Armour
  2598 | D:3      | Noticed Blork the orc
  2696 | D:3      | Found a snail-covered altar of Cheibriados.
  3154 | D:3      | Found a deep blue altar of Sif Muna.
  3325 | D:3      | Gained mutation: You are partially covered in icy blue scales (AC +1). [demonic ancestry]
  3325 | D:3      | Reached XP level 5. HP: 24/36 MP: 4/8
  3548 | D:3      | Noticed an ogre
  3556 | D:3      | Slain by an ogre

Vault maps used:
D:1:      eino_arrival_tree_alley
D:2:      first_bread
D:3:      cheibriados_altar_wand_db, tgw_sif, gup_sewer_entry_spiral,
          grunt_ministairs_2

Action                   |  1- 3 |  4- 6 || total
-------------------------+-------+-------++-------
Melee: Unarmed           |    33 |    54 ||    87
       Hand axe          |    43 |     6 ||    49
 Cast: Flame Tongue      |    39 |    10 ||    49
       Throw Flame       |    14 |    10 ||    24
  Use: Scroll            |     5 |     5 ||    10
       Potion            |       |     1 ||     1
 Stab: Sleeping          |       |     1 ||     1
  Eat: Bread ration      |     1 |     1 ||     2
       Meat ration       |       |     1 ||     1
